 Dungeon Crawl Stone Soup version 0.20.1-1-g8b1a95d (webtiles) character file.

553 ReignOfFire the Slasher (level 7, 0/52 HPs)
             Began as a Demonspawn Gladiator on July 26, 2017.
             Succumbed to a worker ant's poison
             ... while paralysed by Grinder
             ... on level 4 of the Dungeon.
             The game lasted 00:05:16 (3714 turns).

ReignOfFire the Slasher (Demonspawn Gladiator)      Turns: 3714, Time: 00:05:17

Health: 0/52       AC:  5    Str: 14    XL:     7   Next: 8%
Magic:  1/7        EV:  2    Int:  9    God:
Gold:   144        SH:  0    Dex: 17    Spells: 6/6 levels left

rFire    + . .     SeeInvis .   a - +0 long sword
rCold    . . .     Gourm    .   (no shield)
rNeg     . . .     Faith    .   b - +0 leather armour
rPois    .         Spirit   +   (helmet restricted)
rElec    .         Reflect  .   (no cloak)
rCorr    .         Harm     .   (no gloves)
MR       .....                  (no boots)
Stlth    ++........             (no amulet)
Regen    0.2/turn               (no ring)
MPRegen  0.1/turn               (no ring)

@: paralysed, lethally poisoned (0 -> -4)
A: antennae 1, yellow scales 1, fire resistance 1, magic shield
a: no special abilities


You were on level 4 of the Dungeon.
You were not hungry.

You visited 1 branch of the dungeon, and saw 4 of its levels.

You collected 144 gold pieces.

Inventory:

Hand Weapons
 a - a +0 long sword (weapon)
Missiles
 d - a throwing net (quivered)
Armour
 b - a +0 leather armour (worn)
 c - a +0 helmet
Scrolls
 e - a scroll of enchant armour {unknown}
 h - 6 scrolls of teleportation {unknown}
 k - 4 scrolls of remove curse {unknown}
 n - a scroll of magic mapping {unknown}
 o - 3 scrolls of blinking {unknown}
 q - 2 scrolls of enchant weapon {unknown}
 s - a scroll of random uselessness {unknown}
 u - 4 scrolls of identify {unknown}
 v - a scroll of immolation {unknown}
Potions
 i - a potion of might {unknown}
 l - 2 potions of curing {unknown}
 m - 3 potions of degeneration
 p - a potion of ambrosia
 t - a potion of heal wounds {unknown}
 w - a potion of flight {unknown}
 z - a potion of lignification {unknown}
Books
 y - a book of Misfortune

   Spells                             Type                      Level
   a - Confusing Touch                Hexes                        1
   b - Confuse                        Hexes                        3
   c - Gell's Gravitas                Translocation                3
   d - Petrify                        Transmutation/Earth          4
   e - Metabolic Englaciation         Hexes/Ice                    5
   f - Yara's Violent Unravelling     Hexes/Transmutation          5
Comestibles
 f - 7 bread rations
 g - 4 fruits
 j - a royal jelly
 r - 2 meat rations


   Skills:
 + Level 3.2 Fighting
 + Level 5.4 Long Blades
 + Level 2.0 Throwing
 + Level 2.4 Armour
 + Level 3.8 Dodging
 + Level 1.3 Stealth


You had 6 spell levels left.
You didn't know any spells.

Dungeon Overview and Level Annotations

Branches:
Dungeon (4/15)
 Temple: D:4-7

Altars:
Cheibriados
Fedhas
Kikubaaqudgha

Annotations:
D:4 Grinder


Innate Abilities, Weirdness & Mutations

You have a pair of small antennae on your head.
You are partially covered in yellow scales. (AC +2)
Your flesh is heat resistant. (rF+)
When hurt, damage is shared between your health and your magic reserves.


Message History

You feel sick. Grinder hits you but does no damage.
The worker ant struggles against the net.
You hit Grinder.
Grinder is severely wounded.
The worker ant struggles against the net.
Grinder closely misses you.
You riposte.
You hit Grinder but do no damage.
Grinder is severely wounded.
The worker ant struggles against the net.
You barely miss Grinder.
Grinder is severely wounded.
You feel sick. Grinder gestures at you.
You suddenly lose the ability to move!
The worker ant struggles against the net.
The net rips apart, and the worker ant comes free!
Grinder hits you!
* * * LOW HITPOINT WARNING * * *
You writhe in agony.
* * * LOW HITPOINT WARNING * * *
You die...

#.........##..##......#
#####.###........###<##
#.# ####..#### #.#
#.######..... ..#
#.........########
#########.######
######.......#
#...##...## #...@5a...#
# #...##...###.#
######## ##.###........
.......####.##.....##.#
#......###...##
#.###### #..####.# #.#
#..>....# # #.#
##.###### #.#####.# #+#


You could see Grinder and a worker ant.

Vanquished Creatures
  An ice beast (D:4)
  An ogre (D:4)
  A centaur (D:4)
  A bullfrog (D:4)
  2 hounds (D:4)
  An orc wizard (D:3)
  Natasha (D:3)
  A worker ant (D:4)
  2 adders (D:3)
  3 dart slugs
  3 leopard geckos
  8 orcs
  5 bats
  4 giant cockroaches
  5 goblins
  8 hobgoblins
  7 kobolds
  A quokka (D:2)
  6 frilled lizards
  A leopard gecko skeleton (D:4)
  6 rats
68 creatures vanquished.

Notes
Turn   | Place    | Note
-------+----------+-------------------------------------------
     0 | D:1      | ReignOfFire the Demonspawn Gladiator began the quest for the Orb.
     0 | D:1      | Reached XP level 1. HP: 16/16 MP: 1/1
   315 | D:1      | Gained mutation: You are partially covered in yellow scales. (AC +2) [demonic ancestry]
   315 | D:1      | Reached XP level 2. HP: 19/22 MP: 2/2
   321 | D:1      | Reached skill level 3 in Long Blades
   999 | D:2      | Gained mutation: Your flesh is heat resistant. (rF+) [demonic ancestry]
   999 | D:2      | Reached XP level 3. HP: 14/27 MP: 3/3
  1707 | D:3      | Reached skill level 1 in Stealth
  1707 | D:3      | Gained mutation: You have a pair of small antennae on your head. [demonic ancestry]
  1707 | D:3      | Reached XP level 4. HP: 20/34 MP: 4/4
  1934 | D:3      | Found a faded altar of an unknown god.
  2125 | D:3      | Noticed Natasha
  2134 | D:3      | Killed Natasha
  2134 | D:3      | Reached skill level 1 in Armour
  2349 | D:3      | Found a snail-covered altar of Cheibriados.
  2434 | D:3      | Reached skill level 4 in Long Blades
  2434 | D:3      | Reached XP level 5. HP: 36/39 MP: 5/5
  2546 | D:4      | Noticed a centaur
  2547 | D:4      | Found a blossoming altar of Fedhas.
  2886 | D:4      | Killed a centaur
  2886 | D:4      | Reached XP level 6. HP: 26/46 MP: 6/6
  3029 | D:4      | Noticed an ice beast
  3054 | D:4      | Reached skill level 5 in Long Blades
  3069 | D:4      | Killed an ice beast
  3309 | D:4      | Gained mutation: When hurt, damage is shared between your health and your magic reserves. [demonic ancestry]
  3309 | D:4      | Reached XP level 7. HP: 40/52 MP: 7/7
  3411 | D:4      | Found an ancient bone altar of Kikubaaqudgha.
  3668 | D:4      | Noticed Grinder
  3669 | D:4      | Paralysed by Grinder for 6 turns
  3689 | D:4      | Paralysed by Grinder for 7 turns
  3713 | D:4      | Paralysed by Grinder for 3 turns
  3713 | D:4      | HP: 1/52 [Grinder (5)]
  3714 | D:4      | Succumbed to a worker ant's poison

Skill      XL: |  1  2  3  4  5  6 |
---------------+-------------------+-----
Throwing       | 2 |  2.0
Long Blades    | 3 4 5 |  5.4
Dodging        | 3 |  3.8
Stealth        | 1 |  1.3
Armour         | 1 2 |  2.4
Fighting       | 3 |  3.2

Action                   |  1- 3 |  4- 6 |  7- 9 || total
-------------------------+-------+-------+-------++-------
Melee: Long sword        |   118 |   118 |    20 ||   256
Throw: Throwing net      |       |     1 |     5 ||     6
  Use: Potion            |       |     2 |       ||     2
 Stab: Sleeping          |     2 |     1 |       ||     3
       Held in net/web   |       |       |     2 ||     2
       Distracted        |       |       |     1 ||     1
  Eat: Chunk             |     2 |     3 |       ||     5
       Meat ration       |       |     1 |       ||     1
Armor: Leather armour    |    38 |    32 |     9 ||    79
Dodge: Dodged            |    91 |    84 |    19 ||   194
       Rpst.: Long sword |    22 |    29 |     6 ||    57
